 Dungeon Crawl Stone Soup version 0.19.0-17-g07987d3 (webtiles) character file.

279 Inkary the Shield-Bearer (level 6, 0/37 HPs)
             Began as a Gargoyle Fighter on Nov 11, 2016.
             Slain by Robin
             ... wielding a +0 whip
              (4 damage)
             ... on level 3 of the Dungeon.
             The game lasted 00:05:36 (3051 turns).

Inkary the Shield-Bearer (Gargoyle Fighter)         Turns: 3051, Time: 00:05:37

Health: 0/37       AC: 12    Str: 22    XL:     6   Next: 26%
Magic:  6/6        EV:  7    Int:  8    God:
Gold:   113        SH: 10    Dex:  9    Spells: 0 memorised, 5 levels left

rFire  . . .     SeeInvis .     B - +1 hand axe (vamp)
rCold  . . .     Gourm    .     b - +0 scale mail
rNeg   + . .     Faith    .     c - +0 shield
rPois  ∞         Spirit   .     (no helmet)
rElec  +         Reflect  .     z - +0 cloak
rCorr  .         Harm     .     (no gloves)
MR     .....                    (no boots)
Stlth  ..........               v - amulet of inaccuracy (curse)
                                (no ring)
                                (no ring)

@: no status effects
A: negative energy resistance 1, electricity resistance, unbreathing,
petrification resistance, rot immunity, AC +4
a: no special abilities


You were on level 3 of the Dungeon.
You were not hungry.

You visited 1 branch of the dungeon, and saw 4 of its levels.

You collected 113 gold pieces.

Inventory:

Hand Weapons
 B - a +1 vampiric hand axe (weapon)
Missiles
 o - 5 poisoned javelins (quivered)
Armour
 b - a +0 scale mail (worn)
 c - a +0 shield (worn)
 z - a +0 cloak (worn)
Jewellery
 p - an uncursed amulet of regeneration
 v - a cursed amulet of inaccuracy (around neck)
Wands
 u - a wand of iceblast (1/15)
Scrolls
 e - 3 scrolls of amnesia
 g - 2 scrolls of magic mapping {unknown}
 i - a scroll of blinking {unknown}
 k - a scroll of random uselessness
 m - 4 scrolls of noise {unknown}
 r - a scroll of identify {unknown}
 t - a scroll of recharging {unknown}
 y - 2 scrolls of immolation {unknown}
Potions
 d - 2 potions of might
 h - 2 potions of degeneration {unknown}
 n - a potion of brilliance {unknown}
 q - a potion of berserk rage {unknown}
 s - a potion of lignification {unknown}
 x - 2 potions of beneficial mutation {unknown}
Books
 w - a book of Cantrips

   Spells                             Type                      Level
   a - Confusing Touch                Hexes                        1
   b - Animate Skeleton               Necromancy                   1
   c - Summon Small Mammal            Summoning                    1
   d - Apportation                    Translocation                1
Comestibles
 f - 2 bread rations
 l - a meat ration
 A - 4 chunks of flesh


   Skills:
 - Level 3.2 Fighting
 + Level 0.0(2.5) Axes
   Level 4.6 Maces & Flails
 - Level 3.2 Armour
 + Level 5.7 Shields


You had 5 spell levels left.
You didn't know any spells.

Dungeon Overview and Level Annotations

Branches:
Dungeon (4/15)
 Temple: D:4-7

Altars:
Ashenzari
Elyvilon
Hepliaklqana
Kikubaaqudgha
Sif Muna
Uskayaw
The Shining One

Annotations:
D:3 Robin


Innate Abilities, Weirdness & Mutations

You are resistant to torment.
Your stone body is resilient. (AC +4)
You are immune to poison.
You resist negative energy. (rN+)
You are resistant to electric shocks. (rElec)
You can survive without breathing.
You are immune to petrification.
You are immune to rotting.


Message History

You climb upwards.
There is a stone staircase leading down here.
You are too injured to fight recklessly!
You hit the goblin.
You feel better.
The goblin is moderately wounded.
You barely miss Robin. Robin hits you but does no damage.
The goblin barely misses you. You block Robin's attack.
You block the goblin's attack.
You hit the goblin.
You feel better.
The goblin is heavily wounded.
You barely miss Robin. Robin hits you with a whip.
* * * LOW HITPOINT WARNING * * *
You block the goblin's attack.
You hit the goblin.
You feel better.
You kill the goblin!
You hit Robin but do no damage. Robin hits you but does no damage.
You closely miss Robin.
Robin is severely wounded.
Robin hits you with a whip.
You die...

.............#.....#.##[##.#
#..#
############....####.##.##.#
#.## ....# ##.#.###.....##.#
#.# ###.# #........#####.#
#.# # #.# #.#.###.## #.# #.#
#.# #.#.# #.# #.# #.# #)#
#.#)# #.######.# #.# #)#
#.#g###........# #.# #)#
#..)@##..####### #.# ###.#
#..#))...# #.# ...†#
#....##.##########.# ....#
#..................# ...)#
##...#...#.........# ....#
#####....########.# ...##
##..## #(# #.## #....# #.#
#.# ### ##...# ######.#


You could see Robin.

Vanquished Creatures
  Crazy Yiuf (D:3)
  2 orc wizards (D:3)
  4 gnolls (D:2)
  4 adders
  An ooze (D:2)
  3 worms
  5 dart slugs
  2 leopard geckos
  12 orcs
  2 giant cockroaches
  14 goblins
  7 hobgoblins
  9 jackals
  A quokka (D:3)
  3 bats
  5 frilled lizards
  9 kobolds
  6 rats
90 creatures vanquished.

Notes
Turn   | Place    | Note
-------+----------+-------------------------------------------
     0 | D:1      | Inkary the Gargoyle Fighter began the quest for the Orb.
     0 | D:1      | Reached XP level 1. HP: 14/14 MP: 1/1
   173 | D:1      | Reached XP level 2. HP: 19/19 MP: 2/2
   419 | D:1      | Reached skill level 4 in Shields
   419 | D:1      | Reached XP level 3. HP: 23/23 MP: 3/3
   993 | D:2      | Reached XP level 4. HP: 28/28 MP: 4/4
  1337 | D:2      | Found an ancient bone altar of Kikubaaqudgha.
  1595 | D:3      | Reached XP level 5. HP: 16/32 MP: 5/5
  1756 | D:3      | Reached skill level 5 in Shields
  2292 | D:3      | Reached XP level 6. HP: 33/37 MP: 6/6
  2308 | D:3      | Found a white marble altar of Elyvilon.
  2347 | D:3      | Found a shattered altar of Ashenzari.
  2347 | D:3      | Found a hide-covered altar of Uskayaw.
  2347 | D:3      | Found a glowing golden altar of the Shining One.
  2348 | D:3      | Found a deep blue altar of Sif Muna.
  2351 | D:3      | Found a hazy altar of Hepliaklqana.
  2466 | D:3      | Found a runed door.
  2492 | D:3      | Noticed Crazy Yiuf
  2512 | D:3      | Killed Crazy Yiuf
  2749 | D:4      | Noticed Robin
  3046 | D:4      | HP: 1/37 [orc priest/divine providence (14)]
  3051 | D:3      | Slain by Robin

Skill      XL: |  1  2  3  4  5 |
---------------+----------------+-----
Shields        | 4 5 |  5.7
Maces & Flails | 3 4 |  4.6
Fighting       | |  3.2
Armour         | |  3.2

Action                   |  1- 3 |  4- 6 || total
-------------------------+-------+-------++-------
Melee: Flail             |   139 |   291 ||   430
       Mace              |       |    56 ||    56
       Hand axe          |       |    27 ||    27
Throw: Javelin           |     1 |     8 ||     9
       Throwing net      |       |     1 ||     1
  Use: Scroll            |       |     4 ||     4
  Eat: Chunk             |     1 |     7 ||     8
       Meat ration       |       |     1 ||     1
       Beef jerky        |       |     1 ||     1
Armor: Scale mail        |    73 |   182 ||   255
       Skin              |       |     3 ||     3
Dodge: Dodged            |    42 |    97 ||   139
Block: Shield            |    52 |   226 ||   278
